 Dungeon Crawl Stone Soup version 0.31-a0-1074-g0b22e4e0f1 (webtiles) character file.

Game seed: 2024460351653466990

27 CowFu the Changeling (level 2, -2/15 (23) HPs)
             Began as a Draconian Shapeshifter on Dec 5, 2023.
             Slain by a gnoll
             ... wielding a +0 club
              (7 damage)
             ... on level 2 of the Dungeon.
             The game lasted 00:01:02 (654 turns).

CowFu the Changeling (Draconian Shapeshifter)        Turns: 654, Time: 00:01:02

HP:   -2/15 (23)    AC:  4    Str: 16    XL:     2   Next: 93%
MP:   2/2           EV: 12    Int: 10    God:
Gold: 74            SH:  0    Dex: 10    Spells: 1/1 levels left

rFire   . .          .
                       - Unarmed
rCold   . . .        (no shield)
rNeg    . . .        (body armour unavailable)
rPois   .            (helmet currently unavailable)
rElec   .            (cloak currently unavailable)
rCorr   .            (gloves currently unavailable)
SInv    .            (boots currently unavailable)
Will    .....        (no amulet)
Stlth   +            (no ring)
HPRegen 0.22/turn    (no ring)
MPRegen 0.08/turn

%: no passive effects
@: beast-form, very heavily drained
A: beast (slay +2), AC +4, unfitting armour, cold-blooded
a: Begin Untransformation


You were on level 2 of the Dungeon.
You were a hulking beast.
You visited 1 branch of the dungeon, and saw 2 of its levels.

You collected 74 gold pieces.

Inventory:

Jewellery
 e - a ring of fire
Talismans
 b - a beast talisman
 c - a flux talisman
Potions
 a - a potion of lignification
 f - a potion of cancellation {unknown}
 g - a potion of heal wounds {unknown}


   Skills:
 - Level 1.1 Fighting
 - Level 1.7 Dodging
 - Level 3.0 Unarmed Combat
 + Level 4.0 Shapeshifting


You had one spell level left.
You didn't know any spells.
Your spell library contained the following spells:

 Spells                   Type           Power      Damage    Failure   Level
 Kiss of Death            Conj/Necr      0%         2d5       36%         1
 Magic Dart               Conj           0%         1d3       36%         1
 Call Imp                 Summ           0%         N/A       50%         2
 Cigotuvi's Dreadful Rot  Necr/Pois/Air  0%         N/A       50%         2
 Confusing Touch          Hex            0%         N/A       75%         3
 Mephitic Cloud           Conj/Pois/Air  0%         N/A       75%         3
 Dispel Undead            Necr           0%         3d6       98%         4
 Death Channel            Necr           0%         N/A       100%        6


Dungeon Overview and Level Annotations

Branches:
Dungeon (2/15)

Altars:


Innate Abilities, Weirdness & Mutations

You are a hulking beast.
Your limbs bulge with bestial killing power. (Slay +2)
Your plain brown scales are hard. (AC +4)
You cannot fit into any form of body armour.
You are cold-blooded and may be slowed by cold attacks.


Message History

Found a short sword.
The jackal barks!
You hear a shout! x4
A jackal and a frilled lizard come into view.
Found a scroll labelled SAEDAS ZEGAMITH.
You hear an angry hiss.
The frilled lizard hisses angrily.
There are monsters nearby!
A gnoll comes into view. It is wielding a +0 club.
The jackal barks!
The gnoll shouts!
You hear a shout!
The jackal barks!
There are monsters nearby!
A gnoll comes into view. It is wielding a +0 spear.
Found a short sword.
The gnoll shouts!
The jackal barely misses you.
A kobold comes into view. It is wielding a +0 short sword.
A gnoll comes into view. It is wielding a +0 whip.
A frilled lizard comes into view.
The jackal bites you but does no damage.
You miss the jackal. The jackal closely misses you. The jackal misses you.
You closely miss the jackal. The jackal closely misses you.
The jackal barely misses you.
A gnoll comes into view. It is wielding a +0 halberd.
The frilled lizard misses you. The jackal bites you.
The jackal barely misses you.
You hit the frilled lizard.
You kill the frilled lizard!
The gnoll hits you with a +0 club.
The jackal bites you but does no damage. x2
A jackal comes into view.
The jackal attacks as it pursues you! The jackal completely misses you.
The jackal attacks as it pursues you! The jackal barely misses you. x2
The jackal bites you but does no damage.
The jackal barely misses you. The jackal attacks as it pursues you!
The jackal closely misses you.
The jackal bites you but does no damage.
The jackal bites you but does no damage. x2
The jackal closely misses you.
There is a stone staircase leading up here.
The jackal bites you but does no damage.
The jackal bites you. The gnoll hits you with a +0 club!
You die...

... #. #.#
......#.##..##
.......#.#....#
.)......#......#
........#......#
...............#
...............#
..........h....#
.........Khh..##
#.......g.g..##
......hg#######
##.#....?......
#....#.######.
###..ghg.l.#
#...##g.....
#... #..#).
#..#. #...


You could see 3 gnolls, 3 jackals and a kobold.

Vanquished Creatures
  A ball python (D:1)
  3 bats (D:1)
  2 endoplasms (D:1)
  2 goblins (D:1)
  10 kobolds (D:1)
  A quokka (D:1)
  4 frilled lizards
  A rat (D:1)
24 creatures vanquished.

Notes
Turn   | Place    | Note
-------+----------+-------------------------------------------
     0 | D:1      | CowFu the Draconian Shapeshifter began the quest for the
                  | Orb.
     0 | D:1      | Reached XP level 1. HP: 16/16 MP: 1/1
   221 | D:1      | Reached XP level 2. HP: 23/23 MP: 2/2
   608 | D:1      | Reached skill level 4 in Shapeshifting
   654 | D:2      | Slain by a gnoll

Illustrated notes

Levels and vault maps discovered:
D:1:      psy_arrival_statuary, layout_rooms, lexackson_kobold_supper
D:2:      layout_rooms, minmay_misc_feat_chi, minmay_cut_off

Skill      XL: |  1  2 |
---------------+-------+-----
Shapeshifting  | 4 |  4.0
Fighting       | |  1.1
Dodging        | |  1.7
Unarmed Combat | |  3.0

Action                     || total
---------------------------++-------
  Melee: Unarmed           ||    65
         Tailslap          ||     3
    Use: Scroll            ||     4
 Armour: Skin              ||    47
  Dodge: Dodged            ||    55

Table legend: (Time is in decaauts)
 A = Elapsed time spent in this place.
 B = Non-inter-level travel time spent in this place.
 C = Inter-level travel time spent in this place.
 D = Time resting spent in this place.
 E = Time spent auto-exploring this place.
 F = Levels seen in this place.
 G = Mean time per level.
                   A        B        C        D        E       F      G
               +--------+--------+--------+--------+--------+-----+--------+
         Total |    650 |    607 |     43 |      0 |    430 |   2 |  325.0 |
       Dungeon |    650 |    607 |     43 |      0 |    430 |   2 |  325.0 |
               +--------+--------+--------+--------+--------+-----+--------+

Top non-repeatable levels by time:
     D:1: 625 daAuts
     D:2: 25 daAuts
